 Dungeon Crawl Stone Soup version 0.25-a0-860-gf695395b5c (webtiles) character file.

Game seed: 2719295785816134037, levelgen mode: deterministic

1499 Maedhros the Martial Artist (level 8, -3/48 HPs)
             Began as an Octopode Artificer on Apr 27, 2020.
             Shot with an arrow by a centaur (14 damage)
             ... on level 6 of the Dungeon.
             The game lasted 00:14:00 (1859 turns).

Maedhros the Martial Artist (Octopode Artificer)    Turns: 1859, Time: 00:14:01

Health: -3/48      AC:  1    Str: 12    XL:     8   Next: 81%
Magic:  11/11      EV: 13    Int: 13    God:
Gold:   159        SH:  0    Dex: 14    Spells: 7/7 levels left

rFire    . . .     SeeInvis .     - Unarmed
rCold    . . .     Gourm    .   (no shield)
rNeg     . . .     Faith    .   (helmet restricted)
rPois    .         Spirit   .   (no amulet)
rElec    .         Reflect  .   g - ring of wizardry
rCorr    .         Harm     .   (no ring)
MR       .....                  (no ring)
Stlth    ++++......             (no ring)
HPRegen  0.16/turn              (no ring)
MPRegen  0.12/turn              (no ring)
                                (no ring)
                                (no ring)

@: no status effects
A: almost no armour, stealthy swim, amphibious, 8 rings, constrict 8, camouflage
1, gelatinous body 1
a: no special abilities


You were on level 6 of the Dungeon.
You were not hungry.

You visited 1 branch of the dungeon, and saw 6 of its levels.

You collected 159 gold pieces.

Inventory:

Hand Weapons
 p - a +0 arbalest
Missiles
 a - 8 poisoned darts (quivered)
 k - 20 bolts
Jewellery
 g - a ring of wizardry (left tentacle)
Wands
 b - a wand of flame (5)
 c - a wand of enslavement (3)
 d - a wand of digging (6)
Scrolls
 e - 2 scrolls of magic mapping {unknown}
 h - 2 scrolls of teleportation
 l - a scroll of random uselessness {unknown}
 m - a scroll of vulnerability {unknown}
 n - a scroll of fog {unknown}
 r - a scroll of fear {unknown}
Potions
 i - a potion of brilliance
 j - 2 potions of haste
 o - 3 potions of flight
Comestibles
 f - 4 rations
 q - 2 chunks of flesh


   Skills:
 - Level 1.0 Fighting
   Level 1.0 Short Blades
 - Level 2.0 Dodging
 - Level 4.0 Stealth
 + Level 10.0 Unarmed Combat
 - Level 4.0 Evocations


You had 7 spell levels left.
You didn't know any spells.
Your spell library contained the following spells:

 Spells                   Type           Power        Failure   Level  Hunger
 Confusing Touch          Hex            #.......     34%         3    ####...
 Gell's Gravitas          Tloc           #.........   34%         3    ####...
 Petrify                  Tmut/Erth      #.......     73%         4    #####..
 Metabolic Englaciation   Hex/Ice        #.........   96%         5    ######.
 Yara's Violent Unravell  Hex/Tmut       #.........   96%         5    ######.


Dungeon Overview and Level Annotations

Branches:
Dungeon (6/15)
 Temple: D:4-7

Altars:
Dithmenos

Shops:
D:5 :

Annotations:
D:4 1 runed translucent door, Hartz's ghost, novice GrEE


Innate Abilities, Weirdness & Mutations

You cannot wear most types of armour.
You are very stealthy in the water. (Stealth+)
You are amphibious.
You can wear up to eight rings at the same time.
You can use your tentacles to constrict eight enemies at once.
Your skin changes colour to match your surroundings (Stealth+).
Your rubbery body absorbs attacks. (AC +1, EV +1)


Message History

Okay, then.
Evoke which item? (* to show all) (? for menu, Esc to quit)
Aiming: Enslavement
Press: ? - help, Shift-Dir - straight line, f - centaur
Aim: a centaur, wielding a +0 shortbow and quivering 12 arrows (chance to defeat MR: 58%)
The centaur resists with significant effort.
The centaur shoots an arrow.
The arrow closely misses you.
Evoke which item? (* to show all) (? for menu, Esc to quit)
Aiming: Enslavement
Press: ? - help, Shift-Dir - straight line, f/p - centaur
Aim: a centaur, wielding a +0 shortbow and quivering 11 arrows (chance to defeat MR: 58%)
The centaur resists with significant effort.
The centaur shoots an arrow.
The arrow barely misses you.
Evoke which item? (* to show all) (? for menu, Esc to quit)
Aiming: Enslavement
Press: ? - help, Shift-Dir - straight line, f/p - centaur
Aim: a centaur, wielding a +0 shortbow and quivering 10 arrows (chance to defeat MR: 58%)
The centaur resists with significant effort.
The centaur shoots an arrow.
The arrow hits you!
You die...

.. ##. ## .. #.
#.# .###.. #..#
.#.. ......
..###....
#....##.##......
#....@..........
....##............
# #..##.##..c...$
#......#.###.##
...##.
#....#.........#
....#.
...#.##.........#.
#[... #.
#..#...........
##... #
#..........##..
....
#..#........###..#
#..


You could see a centaur.

Vanquished Creatures
  Grinder (D:3)
  Eustachio (D:5)
  Edmund (D:5)
  A sky beast (D:5)
  An ogre (D:4)
  3 centaurs
  2 scorpions
  2 howler monkeys
  A hound (D:5)
  2 orc wizards
  2 bullfrog skeletons (D:5)
  A worker ant (D:4)
  A worker ant zombie (D:5)
  A gnoll (D:4)
  3 adders
  2 oozes
  An adder zombie (D:6)
  A worm (D:3)
  2 dart slugs
  4 leopard geckos
  19 orcs
  3 bats
  2 giant cockroaches
  3 goblins
  2 hobgoblins
  A jackal (D:6)
  2 ball pythons
  3 frilled lizards
  3 kobolds
  4 rats
75 creatures vanquished.

Vanquished Creatures (collateral kills)
  Prince Ribbit (D:6)
  A goblin (D:3)
  2 jackals (D:6)
4 creatures vanquished.

Vanquished Creatures (others)
  Sigmund (D:4)
1 creature vanquished.

Grand Total: 80 creatures vanquished

Notes
Turn   | Place    | Note
-------+----------+-------------------------------------------
     0 | D:1      | Maedhros the Octopode Artificer began the quest for the
                  | Orb.
     0 | D:1      | Reached XP level 1. HP: 13/13 MP: 3/3
    75 | D:1      | Reached XP level 2. HP: 9/18 MP: 4/4
   399 | D:3      | Reached XP level 3. HP: 9/23 MP: 5/5
   444 | D:3      | Noticed Grinder
   507 | D:3      | Killed Grinder
   507 | D:3      | Reached skill level 4 in Unarmed Combat
   507 | D:3      | Reached XP level 4. HP: 9/28 MP: 7/7
   507 | D:3      | Reached XP level 5. HP: 11/33 MP: 8/8
   514 | D:4      | Noticed an ogre
   542 | D:4      | Reached XP level 6. HP: 15/38 MP: 9/9
   550 | D:4      | Found a runed translucent door.
   550 | D:4      | Noticed Hartz's ghost (novice GrEE)
   566 | D:4      | Reached skill level 5 in Unarmed Combat
   697 | D:4      | Noticed Sigmund
   712 | D:4      | Your ally died
   911 | D:4      | Reached XP level 7. HP: 27/43 MP: 10/10
   921 | D:4      | Noticed Edmund
   935 | D:5      | Entered Level 5 of the Dungeon
   966 | D:4      | Reached skill level 6 in Unarmed Combat
  1102 | D:5      | Found Iviweilo's Book Shoppe.
  1145 | D:5      | Noticed Eustachio
  1182 | D:5      | Killed Eustachio
  1182 | D:5      | Reached skill level 7 in Unarmed Combat
  1312 | D:5      | Killed Edmund
  1312 | D:5      | Reached skill level 8 in Unarmed Combat
  1312 | D:5      | Reached XP level 8. HP: 24/48 MP: 11/11
  1680 | D:6      | Found a shadowy altar of Dithmenos.
  1695 | D:6      | Reached skill level 9 in Unarmed Combat
  1714 | D:6      | Noticed Prince Ribbit
  1820 | D:6      | Killed Prince Ribbit
  1835 | D:6      | Killed a centaur
  1835 | D:6      | Reached skill level 10 in Unarmed Combat
  1859 | D:6      | Shot with an arrow by a centaur

Levels and vault maps discovered:
D:1:      evilmike_arrival_fibonacci_small, layout_basic, serial_rivers,
          chequers_serial_rivers_micro_e, chequers_serial_rivers_micro_c,
          chequers_serial_rivers_marsh, chequers_serial_rivers_micro_a,
          chequers_serial_rivers_room_b, bh_walls_and_bars
D:2:      kennysheep_the_goblin_king, layout_loops_corners
D:3:      layout_rooms, kennysheep_generic_room_4, uniq_grinder
D:4:      layout_basic, hellmonk_ghost_happy_afterlife, first_ration,
          serial_co_window_serial, co_window_paths_a, co_window_corner_a,
          co_window_paths_b, co_window_paths_b, co_window_paths_a,
          co_window_broadway_b, co_window_2corner, co_window_unsneaky_path_a,
          co_window_paths_e, glass_columns_a, glass_columns_b, glass_columns_b,
          glass_columns_a, glass_columns_a, sigmund_army, uniq_edmund,
          uniq_menkaure
D:5:      minmay_skewed_foursquare, layout_basic, serial_shops, shop,
          uniq_eustachio, uniq_crazy_yiuf_cottage, uniq_sigmund
D:6:      cheibrodos_quashed, layout_cave_pools, serial_shops,
          nicolae_shop_waterfront, nicolae_dithmenos_through_a_glass_darkly,
          uniq_prince_ribbit1

Skill      XL: |  1  2  3  4  5  6  7  8 |
---------------+-------------------------+-----
Stealth        | 2 3 4 |  4.0
Evocations     | 4 |  4.0
Unarmed Combat | 4 5 8 10 | 10.0
Fighting       | |  1.0
Short Blades   | |  1.0
Dodging        | |  2.0

Action                   |  1- 3 |  4- 6 |  7- 9 || total
-------------------------+-------+-------+-------++-------
Melee: Short sword       |    73 |       |       ||    73
       Constrict         |    21 |     7 |    16 ||    44
       Tentacles         |    14 |     7 |    21 ||    42
       Unarmed           |       |    32 |    86 ||   118
       Punch             |       |     1 |     6 ||     7
Evoke: Wand              |     2 |    17 |    18 ||    37
  Use: Potion            |     3 |       |     2 ||     5
       Scroll            |       |       |     3 ||     3
 Stab: Sleeping          |     4 |     2 |     1 ||     7
       Invisible         |     6 |       |       ||     6
       Paralysed         |     3 |     1 |       ||     4
       Distracted        |       |       |     2 ||     2
       Betrayed ally     |       |       |     1 ||     1
  Eat: Chunk             |       |       |     3 ||     3
Armor: Skin              |     6 |     2 |     2 ||    10
Dodge: Dodged            |    48 |    23 |    48 ||   119

Table legend:
 A = Non-vault XP
 B = Vault XP
 C = Vault XP percentage of total XP
 D = Non-vault monster count
 E = Vault monster count
 F = Vault count percentage of total count
                 A         B        C        D         E       F
            +---------+---------+-------+---------+---------+-------
      Total |    1097 |    1045 |  48.8 |      68 |      11 |  13.9
            +---------+---------+-------+---------+---------+-------
        D:1 |      19 |       0 |   0.0 |       9 |       0 |   0.0
        D:2 |       8 |       0 |   0.0 |       5 |       0 |   0.0
        D:3 |      45 |     244 |  84.4 |      18 |       1 |   5.3
        D:4 |     295 |      41 |  12.2 |      16 |       2 |  11.1
        D:5 |     419 |     528 |  55.8 |      12 |       7 |  36.8
        D:6 |     311 |     232 |  42.7 |       8 |       1 |  11.1
            +---------+---------+-------+---------+---------+-------
